 Dungeon Crawl Stone Soup version 0.18.1-6-gd335043 (webtiles) character file.

241 lightmor the Ruffian (level 5, 0/40 HPs)
             Began as a Draconian Transmuter on May 18, 2016.
             Was a Follower of Cheibriados.
             Slain by a centaur skeleton (2 damage)
             ... on level 7 of the Dungeon.
             The game lasted 00:10:26 (4386 turns).

lightmor the Ruffian (Draconian Transmuter)         Turns: 4386, Time: 00:10:27

Health: 0/40       AC:  5    Str: 15    XL:     5   Next: 80%
Magic:  2/8        EV: 12    Int: 15    God:    Cheibriados [*.....]
Gold:   160        SH:  0    Dex: 14    Spells: 3 memorised, 2 levels left

rFire  . . .     SeeInvis +       - Unarmed
rCold  . . .     Gourm    .     (armour unavailable)
rNeg   . . .     Faith    .     (no shield)
rPois  .         Spirit   .     (helmet restricted)
rElec  .         Dismiss  .     (no cloak)
rCorr  .         Reflect  .     (no gloves)
SustAt +         Harm     .     (no boots)
MR     .....                    (no amulet)
Stlth  +.........               p - ring of see invisible
                                h - ring of sustain attributes

@: very slow, not resistant to hostile enchantments, very unstealthy
A: unfitting armour, cold-blooded, AC +5
a: Bend Time, Renounce Religion


You were on level 7 of the Dungeon.
You worshipped Cheibriados.
Cheibriados was aware of your devotion.
You were not hungry.

You visited 1 branch of the dungeon, and saw 5 of its levels.

You collected 160 gold pieces.

Inventory:

Missiles
 a - 44 arrows
Jewellery
 h - a ring of sustain attributes (left hand)
 l - an uncursed ring of flight
 p - a ring of see invisible (right hand)
Wands
 e - a wand of acid (11/15)
Scrolls
 g - a scroll of enchant weapon
 i - a scroll of identify
 k - 2 scrolls of teleportation
 m - a scroll of fog {unknown}
 n - 3 scrolls of remove curse
Potions
 d - a potion of curing
 f - a potion of mutation
 s - a potion of heal wounds {unknown}
 t - a potion of degeneration {unknown}
Books
 b - a book of Changes

   Spells                             Type                      Level
   a - Beastly Appendage              Transmutation                1
   b - Sticks to Snakes               Transmutation                2
   c - Spider Form                    Transmutation/Poison         3
   d - Ice Form                       Ice/Transmutation            4
   e - Blade Hands                    Transmutation                5
Comestibles
 c - 4 bread rations
 j - a royal jelly
 o - a meat ration
 q - a slice of pizza
 r - 2 chunks of flesh


   Skills:
 - Level 1.1 Fighting
 - Level 1.7 Dodging
 * Level 6.6 Unarmed Combat
 - Level 2.0 Spellcasting
 - Level 2.0 Transmutations


You had 2 spell levels left.
You knew the following spells:

 Your Spells              Type           Power        Failure   Level  Hunger
a - Beastly Appendage     Trmt           #.....       12%         1    #......
b - Sticks to Snakes      Trmt           #.......     14%         2    ###....
c - Spider Form           Trmt/Pois      #.........   43%         3    ###....


Dungeon Overview and Level Annotations

Branches:
Dungeon (4/15)
 Temple: D:4-7

Altars:
Cheibriados
Dithmenos
Elyvilon
Gozag
Okawaru
Pakellas
Qazlal
Trog
Vehumet
Zin

Annotations:
D:3 Terence


Innate Abilities, Weirdness & Mutations

Your plain brown scales are hard (AC +5).
Your body does not fit into most forms of armour.
You are cold-blooded and may be slowed by cold attacks.


Message History

Your adder bites the hippogriff but does no damage.
The hippogriff bites you. The hippogriff barely misses you.
The hippogriff claws you.
You hit the hippogriff.
The hippogriff is heavily wounded.
The centaur skeleton hits you but does no damage.
Your ball python closely misses the hippogriff.
Your adder bites the hippogriff.
The hippogriff is poisoned.
Your adder poisons the hippogriff!
The centaur skeleton closely misses you.
You hit the hippogriff. You tail-slap the hippogriff.
The hippogriff is severely wounded.
The hippogriff bites you!
* * * LOW HITPOINT WARNING * * *
The hippogriff pecks you!
* * * LOW HITPOINT WARNING * * *
The hippogriff closely misses you.
Your ball python bites the hippogriff.
Your adder completely misses the hippogriff.
The centaur skeleton hits you.
You die...

. .. .#### ...#
##.## ##..Z##
####....@####..
#.......SH......
#.##....S###.#..
# ##...## ##.##
>.# ##.. ###


You could see a hippogriff, a centaur skeleton, a friendly adder and a friendly
ball python.

Vanquished Creatures
  Ijyb (D:2)
  3 worker ants (D:4)
  4 adders
  A worm (D:3)
  A dart slug (D:2)
  4 giant geckos
  2 orcs (D:3)
  4 giant cockroaches
  13 goblins
  7 hobgoblins
  6 jackals
  A quokka (D:4)
  10 bats
  3 giant newts
  10 kobolds
  14 rats
84 creatures vanquished.

Vanquished Creatures (collateral kills)
  An orc priest (D:3)
  3 orcs (D:3)
4 creatures vanquished.

Grand Total: 88 creatures vanquished

Notes
Turn   | Place    | Note
--------------------------------------------------------------
     0 | D:1      | lightmor the Draconian Transmuter began the quest for the Orb.
     0 | D:1      | Reached XP level 1. HP: 16/16 MP: 3/3
   308 | D:1      | Reached XP level 2. HP: 23/23 MP: 5/5
   506 | D:1      | Reached skill level 4 in Unarmed Combat
   699 | D:1      | Learned a level 2 spell: Sticks to Snakes
  1023 | D:1      | Reached XP level 3. HP: 28/28 MP: 6/6
  1556 | D:2      | Found a stormy altar of Qazlal.
  1989 | D:2      | Noticed Ijyb
  1999 | D:2      | Killed Ijyb
  1999 | D:2      | Reached skill level 5 in Unarmed Combat
  1999 | D:2      | Reached XP level 4. HP: 22/35 MP: 7/7
  2323 | D:3      | Noticed Terence
  2403 | D:3      | Found a bloodstained altar of Trog.
  2403 | D:3      | Found an iron altar of Okawaru.
  2529 | D:3      | Found a radiant altar of Vehumet.
  2598 | D:3      | Found a snail-covered altar of Cheibriados.
  2606 | D:3      | Became a worshipper of Cheibriados the Contemplative
  2849 | D:3      | Found a white marble altar of Elyvilon.
  2914 | D:3      | Reached XP level 5. HP: 27/40 MP: 1/8
  3030 | D:3      | Found an opulent altar of Gozag.
  3379 | D:3      | Learned a level 3 spell: Spider Form
  3383 | D:4      | Reached * piety under Cheibriados
  3485 | D:4      | Found a glowing silver altar of Zin.
  3506 | D:4      | Reached skill level 6 in Unarmed Combat
  3694 | D:4      | Found a white marble altar of Elyvilon.
  4007 | D:4      | Found a shadowy altar of Dithmenos.
  4129 | D:4      | Found an oddly glowing altar of Pakellas.
  4374 | D:4      | You fall through a shaft for 3 floors!
  4376 | D:7      | Noticed a hippogriff
  4386 | D:7      | HP: 2/40 [hippogriff (8)]
  4386 | D:7      | Slain by a centaur skeleton

Skill      XL: |  1  2  3  4  5 |
---------------+----------------+-----
Unarmed Combat | 4 5 6 |  6.6
Fighting       | |  1.1
Dodging        | |  1.7
Spellcasting   | |  2.0
Transmutations | |  2.0

Action                   |  1- 3 |  4- 6 || total
-------------------------+-------+-------++-------
Melee: Unarmed           |   210 |    95 ||   305
       Tailslap          |    19 |    18 ||    37
       Punch             |     2 |     8 ||    10
 Cast: Sticks to Snakes  |       |    13 ||    13
  Use: Scroll            |       |     9 ||     9
 Stab: Sleeping          |       |     5 ||     5
  Eat: Chunk             |     4 |     7 ||    11
Armor: Skin              |    73 |    27 ||   100
Dodge: Dodged            |   165 |    61 ||   226
